 Dungeon Crawl Stone Soup version 0.22-a0-422-g9628fc8 (webtiles) character file.

51 Jynxie the Skirmisher (level 3, 0/31 HPs)
             Began as a Centaur Warper on May 21, 2018.
             Was a Follower of Trog.
             Slain by a goblin
             ... wielding a +0 dagger
              (3 damage)
             ... on level 3 of the Dungeon.
             The game lasted 00:11:22 (2323 turns).

Jynxie the Skirmisher (Centaur Warper)              Turns: 2323, Time: 00:11:23

Health: 0/31       AC:  3    Str: 11 (13) XL:     3   Next: 58%
Magic:  5/5        EV:  9    Int: 10 (12) God:    Trog [*.....]
Gold:   74         SH:  0    Dex:  7 (9)  Spells: 3/5 levels left

rFire    . . .     SeeInvis .   a - +0 spear
rCold    . . .     Gourm    .   (no shield)
rNeg     . . .     Faith    .   (no armour)
rPois    .         Spirit   .   (no helmet)
rElec    .         Reflect  .   (no cloak)
rCorr    .         Harm     .   (no gloves)
MR       .....                  (no barding)
Stlth    +.........             (no amulet)
HPRegen  0.10/turn              (no ring)
MPRegen  0.09/turn              (no ring)

@: very quick
A: large, hooves 3, deformed body, speed 2, tough skin 3
a: Berserk, Renounce Religion


You were on level 3 of the Dungeon.
You worshipped Trog.
Trog was aware of your devotion.
You were not hungry.

You visited 1 branch of the dungeon, and saw 3 of its levels.

You collected 74 gold pieces.

Inventory:

Hand Weapons
 a - a +0 spear (weapon)
 g - a +0 dagger
Missiles
 e - 5 tomahawks of dispersal (quivered)
Armour
 b - a +0 leather armour
 c - a +0 large shield
Scrolls
 d - a scroll of blinking
 i - a scroll of identify {unknown}
 k - 2 scrolls of magic mapping
 l - a scroll of enchant weapon {unknown}
 n - a scroll of fog {unknown}
Potions
 h - a potion of degeneration
 j - a potion of might {unknown}
Comestibles
 f - 3 rations
 m - a chunk of flesh


   Skills:
 * Level 3.0 Fighting
 * Level 2.7 Polearms
 - Level 1.6 Throwing
 - Level 0.6 Armour
 - Level 1.3 Dodging
 - Level 1.5 Spellcasting
 - Level 2.6 Translocations


You had 3 spell levels left.
You knew the following spells:

 Your Spells              Type           Power        Failure   Level  Hunger
a - Blink                 Tloc           N/A          17%         2    ###....

Your spell library contained the following spells:

 Spells                   Type           Power        Failure   Level  Hunger
 Teleport Other           Tloc           #.......     32%         3    ####...
 Passage of Golubria      Tloc           N/A          73%         4    #####..
 Shroud of Golubria       Chrm/Tloc      #.........   28%         2    ###....
 Gell's Gravitas          Tloc           #.........   32%         3    ####...
 Lesser Beckoning         Tloc           #.........   32%         3    ####...


Dungeon Overview and Level Annotations

Branches:
Dungeon (3/15)

Altars:
Trog


Innate Abilities, Weirdness & Mutations

You have hooves in place of feet.
Armour fits poorly on your strangely shaped body.
You cover ground very quickly.
You have extremely tough skin. (AC +3)


Message History

Your Fighting skill increases to level 3!
The goblin hits you with an uncursed dagger.
You feel sick.
The goblin hits you with an uncursed dagger.
* * * LOW HITPOINT WARNING * * *
The goblin hits you with an uncursed dagger.
* * * LOW HITPOINT WARNING * * *
You hit the goblin.
The goblin is moderately wounded.
The goblin hits you but does no damage.
You closely miss the goblin.
The goblin is moderately wounded.
You feel sick.
You are no longer poisoned.
The goblin hits you with an uncursed dagger.
* * * LOW HITPOINT WARNING * * *
You closely miss the goblin.
The goblin is moderately wounded.
The goblin hits you with an uncursed dagger.
You die...

##### .... #..#
#..# #..#
#..#####$.#
#.......@.#
.##.#####.g.#
..........(#
###.####....####
........<.......
#####....(...####
.................
.###..<#....###.
#.#......#


You could see a goblin.

Vanquished Creatures
  An adder (D:3)
  A worm (D:2)
  2 dart slugs (D:1)
  A ball python (D:2)
  5 goblins
  4 hobgoblins
  4 jackals (D:1)
  6 kobolds
  A bat (D:1)
  2 frilled lizards
  8 rats
35 creatures vanquished.

Notes
Turn   | Place    | Note
-------+----------+-------------------------------------------
     0 | D:1      | Jynxie the Centaur Warper began the quest for the Orb.
     0 | D:1      | Reached XP level 1. HP: 17/17 MP: 3/3
   413 | D:1      | Reached XP level 2. HP: 12/25 MP: 4/4
  1336 | D:2      | Learned a level 2 spell: Blink
  1377 | D:2      | Reached XP level 3. HP: 30/30 MP: 0/5
  1456 | D:2      | Found a faded altar of an unknown god.
  1467 | D:2      | Became a worshipper of Trog the Wrathful
  1467 | D:2      | Reached * piety under Trog
  2317 | D:3      | Reached skill level 3 in Fighting
  2323 | D:3      | Slain by a goblin

Vault maps used:
D:1:      evilmike_arrival_hilbert_curve
D:2:      chequers_ecumenical_altar_simple, minmay_crystal_room
D:3:      first_ration, serial_bayou_pond_d

Skill      XL: |  1  2  3 |
---------------+----------+-----
Polearms       | 2 |  2.7
Fighting       | 3 |  3.0
Throwing       | |  1.6
Armour         | |  0.6
Dodging        | |  1.3
Spellcasting   | |  1.5
Translocations | |  2.6

Action                   || total
-------------------------++-------
Melee: Spear             ||   148
       Kick              ||    14
 Cast: Blink             ||     2
  Use: Scroll            ||     5
       Potion            ||     1
  Eat: Chunk             ||     3
Armor: Leather armour    ||     9
       Robe              ||     8
       Skin              ||    10
Dodge: Dodged            ||    50

Table legend:
 A = Spawn XP
 B = Non-spawn XP
 C = Spawn XP percentage of total XP
 D = Spawn monster count
 E = Non-spawn monster count
 F = Spawn count percentage of total count
 G = Total turns spent on level
                    A         B        C        D         E        F      G
               +---------+---------+-------+---------+---------+-------+---------
         Total |       0 |      74 |   0.0 |       0 |      35 |   0.0 |  2323
               +---------+---------+-------+---------+---------+-------+---------
           D:1 |       0 |      36 |   0.0 |       0 |      19 |   0.0 |  1309
           D:2 |       0 |      25 |   0.0 |       0 |      15 |   0.0 |   994
           D:3 |       0 |      13 |   0.0 |       0 |       1 |   0.0 |    20
               +---------+---------+-------+---------+---------+-------+---------
